Map: Blackpink LE

Players

Saya

  • Race: Protoss Protoss
  • League: Diamond
  • Spawn Location: 7:00

Crisper - Winner!

  • Race: Zerg Zerg
  • League: Diamond
  • Spawn Location: 1:00

VOD

Have the link to the VOD?

Description

Quick spawning pool to punish for protoss pylon cheese and or cannon rush. goal is to get 6 lings out asap, skip speed and go for roach follow up. Again, goal is to punish protoss who spend apm or resources on blocking naturals with pylons/cannons

Time

  • Played on: April 28, 2018, 12:39 p.m.
  • Length: 9:55
Show
View Real Time Build Order
Export as new Build Order

Saya Protoss 

Build Orders: 1 Gate Expand, Oracle Opening 

Get SALT Encoding   

  12  0:00  Probe  
  13  0:13  Probe  
  14  0:20  Pylon  
  14  0:26  Probe  
  15  0:29  Assimilator  
  15  0:38  Probe  
  16  0:46  Gateway  
  16  0:47  Probe  
  16  0:52  Assimilator  
  16  0:56  Probe  
  18  1:04  Probe  
  19  1:17  Probe  
  20  1:28  Nexus  
  20  1:32  Probe  
  21  1:42  Zealot  
  21  1:44  Gateway  
  23  2:02  Gateway  
  23  2:06  Pylon  
  23  2:12  Zealot  
  23  2:18  Pylon  
  23  2:31  Cybernetics Core  
  23  2:33  Zealot  
  25  2:38  Probe  
  25  2:40  Probe  
  27  2:48  Pylon x2  
  27  2:53  Probe  
  27  2:55  Probe  
  29  3:05  Probe  
  30  3:07  Probe, Assimilator  
  30  3:08  Warp Gate  
  30  3:10  Stargate  
  31  3:17  Probe x2  
  33  3:25  Probe x2  
  33  3:33  Probe  
  33  3:34  Probe, Adept  
  37  3:35  Adept  
  41  3:44  Probe, Oracle  
  41  3:45  Probe  
  46  3:56  Probe  
  46  3:57  Probe  
  48  4:03  Adept  
  48  4:04  Adept  
  48  4:08  Probe  
  54  4:10  Probe  
  54  4:11  Pylon  
  52  4:20  Probe  
  45  4:39  Adept  
  45  4:40  Adept  
  42  4:57  Gateway  
  42  4:59  Gateway  
  40  5:15  Adept x2  
  40  5:20  Shield Battery  
  41  5:36  Pylon  
  41  5:37  Pylon  
  41  5:42  Stalker x2  
  45  6:02  Probe x2  
  50  6:09  Pylon  
  50  6:10  Nexus  
  50  6:11  Pylon  
  50  6:13  Pylon  
  50  6:14  Probe x2  
  52  6:20  Forge  
  52  6:21  Twilight Council  
  50  6:28  Stalker  
  50  6:31  Oracle  
  52  6:36  Stalker  
  46  6:49  Pylon  
  46  6:50  Pylon  
  46  6:51  Stalker  
  38  6:54  Stalker  
  35  7:15  Stalker  
  37  7:17  Stalker  
  39  7:23  Probe x2  
  41  7:35  Probe x2, Pylon  
  41  7:39  Pylon  
  41  7:45  Sentry x2  
  41  7:48  Probe  
  41  7:50  Probe  
  47  7:54  Oracle  
  49  8:07  Stalker  
  49  8:08  Sentry  
  49  8:11  Probe  
  54  8:17  Probe x2  
  56  8:22  Assimilator  
  56  8:27  Assimilator  
  55  8:37  Zealot  
  55  8:46  Shield Battery  
  55  8:48  Probe x2  
  57  8:54  Twilight Council  
  58  8:55  Probe  
  58  9:02  Probe x2  
  60  9:07  Probe  
  61  9:13  Zealot x3  
  67  9:19  Probe x2  
  64  9:29  Zealot  
  41  9:37  Zealot x2  
  45  9:39  Sentry  
Show
View Real Time Build Order
Export as new Build Order

Crisper Zerg - Winner!

Build Orders: Pool First 

Get SALT Encoding   

  12  0:02  Drone  
  13  0:12  Overlord  
  13  0:17  Drone  
  14  0:34  Spawning Pool  
  13  0:38  Drone  
  13  0:41  Drone  
  15  0:46  Drone  
  16  0:56  Drone  
  17  1:13  Extractor  
  17  1:16  Hatchery  
  15  1:21  Zergling x2  
  15  1:22  Zergling x2  
  17  1:26  Zergling x2  
  18  1:47  Roach Warren  
  17  1:48  Drone x2  
  19  1:56  Drone  
  20  2:03  Queen  
  22  2:12  Overlord  
  21  2:29  Zergling x2  
  22  2:32  Queen  
  22  2:34  Drone  
  22  2:35  Drone  
  25  2:55  Roach x4  
  32  3:00  Roach  
  34  3:11  Roach  
  36  3:13  Overlord  
  36  3:29  Overlord  
  36  3:33  Drone  
  40  3:34  Drone x4  
  40  3:37  Drone  
  42  3:43  Overlord  
  42  3:54  Ravager  
  42  3:55  Ravager  
  44  4:00  Drone x4  
  48  4:03  Extractor  
  43  4:44  Roach x6  
  52  5:04  Roach x3  
  52  5:06  Zergling x4  
  58  5:15  Zergling x2  
  59  5:28  Zergling x6  
  58  5:38  Overlord  
  58  5:39  Drone  
  58  5:40  Drone  
  58  5:41  Spore Crawler  
  59  5:42  Spore Crawler  
  59  5:47  Overlord x2  
  60  5:51  Overlord  
  60  5:52  Queen  
  60  6:00  Lair  
  60  6:03  Drone x3  
  60  6:04  Drone x3  
  63  6:06  Ravager  
  65  6:12  Ravager  
  65  6:27  Queen  
  66  6:39  Hatchery  
  55  6:50  Drone x2  
  55  6:51  Drone x10  
  65  7:02  Zergling x8  
  67  7:20  Hydralisk Den  
  67  7:21  Zergling x8  
  62  7:37  Hatchery  
  62  7:42  Metabolic Boost  
  59  7:48  Hydralisk x6, Extractor x2  
  69  7:51  Spore Crawler  
  69  7:54  Spore Crawler  
  69  7:55  Spore Crawler  
  69  7:57  Hydralisk  
  68  8:08  Overseer  
  68  8:16  Hydralisk  
  69  8:37  Hydralisk x5, Spore Crawler  
  75  8:43  Zergling x2  
  75  8:44  Zergling x12  
  75  8:46  Zergling x6  
  85  8:50  Queen  
  85  8:51  Queen  
  85  8:54  Drone x5  
  94  8:59  Drone  
  95  9:02  Infestation Pit  
  94  9:18  Evolution Chamber  
  94  9:19  Evolution Chamber  
  87  9:25  Hydralisk  
  87  9:26  Hydralisk x4  
Tags
 
Add a new tag
Caveats
  • Supply blocks, unpowered buildings, or Contaminate may cause inaccurate times.
  • Supply counts are checked every 10 seconds.